!Justin14p!, lawful male human Knight ------- |.....-#####d####`###### -------------- |.....|######@###### # |............| |.<...| # ##-............| |.....| . |............| ......| |............| ------- -------------- !Justin14p! the Esquire Experience level: 5 Strength: 16 Dexterity: 9 Constitution: 11 Intelligence: 9 Wisdom: 14 Charisma: 17 Health: 0(40) Energy: 45(45) Def: 7 Gold: 793 Moves: 4056 Dungeon seed: UC9YrW2bWvX4c6Qd Game ID: !Justin14p!_1525702759 Your Inventory: Coins $ - 793 gold pieces Weapons a - a +1 long sword (weapon in hand) G - 9 +0 arrows Armor e - an uncursed +1 ring mail (being worn) n - an uncursed +0 helmet (being worn) q - an uncursed +0 small shield (being worn) r - an uncursed +0 pair of leather gloves (being worn) Comestibles c - 13 uncursed apples d - 12 uncursed carrots f - 4 uncursed food rations Scrolls i - 2 uncursed scrolls of enchant weapon v - an uncursed scroll of confuse monster Potions h - an uncursed potion of water o - an uncursed potion of restore ability u - an uncursed potion of extra healing z - a cursed potion of healing A - an uncursed potion of gain energy B - an uncursed potion of gain ability E - an uncursed potion of see invisible Rings w - an uncursed ring of polymorph control Tools D - an uncursed magic whistle Gems y - 2 uncursed worthless pieces of yellowish brown glass Spells and supernatural/magical abilities: Name Level Category Fail Memory a - force bolt 1 attack 100% 94% W - pray for help -- divine ? -- X - turn undead -- divine ? -- Y - supernatural jump -- ability ? -- Your skills at the end: Fighting Skills riding [Basic] Weapon Skills long sword [Basic] lance [Basic] Spellcasting Skills Final Attributes: You were piously aligned. You could jump. You are dead. Vanquished creatures: a lizard an orc shaman a rock piercer a pony a yellow light a violet fungus a red naga hatchling a giant ant a homunculus 3 rothes a dwarf zombie an iguana 2 acid blobs a gas spore 2 manes a hobgoblin a giant rat a cave spider a brown mold 2 garter snakes 2 geckos 8 jackals 4 foxes 3 kobolds 2 goblins 6 grid bugs 4 lichens 9 newts 63 creatures vanquished. Voluntary challenges: You had followed a strict vegan diet until turn 3132. You had followed a strict vegetarian diet until turn 3132. You had been an atheist until turn 3799. You used a wielded weapon 78 times, starting on turn 128. You read items or engraved 7 times, starting on turn 2671. You never genocided any monsters. You never polymorphed an object. You never changed form. You used no wishes. You never split a pudding. You never wrote Elbereth's name. You violated your moral code, losing 15 points of alignment, starting on turn 1131. Dungeon overview: The Dungeons of Doom: levels 1 to 8 Level 1 a fountain a long staircase Level 2 a fountain Level 3 a sink Level 4 a long staircase Level 5 a general store Level 6 some fountains Level 7 a fountain a long staircase Level 8 <- You were here History has recorded: On T:1 you entered the Dungeons of Doom to retrieve the Amulet of Yendor! On T:482 you reached level 2 of The Dungeons of Doom. On T:731 you advanced to experience level 2. On T:988 you reached level 3 of The Dungeons of Doom. On T:1131 you advanced to experience level 3. On T:1131 you advanced to experience level 4. On T:2091 you reached level 4 of The Dungeons of Doom. On T:2379 you reached level 5 of The Dungeons of Doom. On T:2776 you reached level 6 of The Dungeons of Doom. On T:2823 you advanced to experience level 5. On T:3284 you reached level 7 of The Dungeons of Doom. On T:3987 you reached level 8 of The Dungeons of Doom. Score breakdown: Gold: 793 ( 9864 points) Experience: 5 levels (11141 points) Exploration: 8 levels ( 16.67%) (11577 points) Discoveries: 4 items ( 1.63%) ( 3825 points) Valuables value: (no points given unless you survive) Artifact value: 0 ( 0 points) Variety of kills: 28 monsters ( 7.35%) ( 8132 points) Turncount: 4056 turns (-1045 points) Survival: died (score multiplied by 80%) Total score: 34795 Latest messages: You hit the jaguar! The jaguar misses. The jaguar hits! The jaguar bites! As you read the scroll, it disappears. You hear someone counting money. You produce a strange whistling sound. The door resists! (2x) The door opens. With great effort you move the boulder. You see here 9 arrows. G - 9 arrows. The floating eye glares at you. You manage to look away just in time; but that disturbs your aim, and you miss. The little dog bites! (4x) You miss the little dog. The little dog bites! The egg misses the little dog. Splat! The little dog bites! You die... Final status: Fare thee well !Justin14p! the Knight, killed by a little dog... You died in The Dungeons of Doom on dungeon level 8 with 34795 points, and 793 pieces of gold, after 4056 moves. You were level 5 with a maximum of 40 hit points when you died.